 Dungeon Crawl Stone Soup version 0.27-a0-1590-g15f6982 (webtiles) character file.

Game seed: 4450609600777350402

189 Think the Cutter (level 5, -2/36 HPs)
             Began as an Octopode Fighter on July 18, 2021.
             Was a Believer of Wu Jian.
             Killed from afar by an orc wizard (5 damage)
             ... with a magic dart
             ... on level 4 of the Dungeon.
             The game lasted 00:09:24 (3207 turns).

Think the Cutter (Octopode Fighter)                 Turns: 3207, Time: 00:09:25

Health: -2/36      AC:  1    Str: 16    XL:     5   Next: 68%
Magic:  5/5        EV: 11    Int: 11    God:    Wu Jian [**....]
Gold:   245        SH:  0    Dex: 11    Spells: 4/4 levels left

rFire    . . .     SeeInvis .   a - +0 rapier
rCold    . . .     Faith    .   b - +0 kite shield
rNeg     . . .     Spirit   .   (helmet restricted)
rPois    .         Reflect  .   i - amulet of the acrobat
rElec    .         Harm     .   (no ring)
rCorr    .         Rampage  .   (no ring)
Will     .....                  (no ring)
Stlth    ++........             (no ring)
HPRegen  0.12/turn              (no ring)
MPRegen  0.09/turn              (no ring)
                                (no ring)
                                (no ring)

@: confused, flying
A: almost no armour, amphibious, 8 rings, camouflage 1, gelatinous body 1,
(nimble swimmer 1), tentacles
a: Renounce Religion, Wall Jump


You were on level 4 of the Dungeon.
You worshipped Wu Jian.
Wu Jian was pleased with you.
You visited 1 branch of the dungeon, and saw 4 of its levels.

You collected 245 gold pieces.

Inventory:

Hand Weapons
 a - a +0 rapier (weapon)
Armour
 b - a +0 kite shield (worn)
Jewellery
 i - an amulet of the acrobat (around mantle)
Scrolls
 e - a scroll of fog {unknown}
 f - a scroll of blinking {unknown}
 h - a scroll of noise {unknown}
 j - a scroll of teleportation {unknown}
 m - a scroll of acquirement {unknown}
Potions
 c - 2 potions of might
 g - a potion of haste {unknown}
 k - a potion of cancellation {unknown}
 l - a potion of brilliance {unknown}
 n - a potion of curing {unknown}


   Skills:
 - Level 3.1 Fighting
 * Level 4.6 Short Blades
 - Level 3.1 Dodging
 + Level 4.2 Shields


You had 4 spell levels left.
You didn't know any spells.
Your spell library contained the following spells:

 Spells                   Type           Power      Damage    Failure   Level
 Cause Fear               Hex            0%         N/A       100%        4
 Dragon Form              Tmut           0%         N/A       100%        7
 Dragon's Call            Summ           0%         N/A       100%        9


Dungeon Overview and Level Annotations

Branches:
Dungeon (4/15)
 Temple: D:4-7

Altars:
Makhleb
Uskayaw
Wu Jian

Annotations:
D:4 1 transporter


Innate Abilities, Weirdness & Mutations

You cannot wear most types of armour.
You are amphibious.
You can wear up to eight rings at the same time.
Your skin changes colour to match your surroundings (Stealth+).
Your rubbery body absorbs attacks. (AC +1, EV +1)
((You are camouflaged near water. (Stealth+)))
You have tentacles for arms and can constrict up to eight enemies at once.


Message History

You block the puff of flame.
You hear some strange, mumbled words.
A magic dart appears from out of thin air!
The magic dart hits you.
Aiming: Wall Jump
Press: ? - help, Dir - move target Please select an adjacent position to wall jump against.
You miss something. You squeeze something. Something hits you.
You hit something. Your squeeze misses something. Something hits you. x2
* * * LOW HITPOINT WARNING * * *
Something hits you.
* * * LOW HITPOINT WARNING * * *
It was a potion of flight.
You feel very buoyant.
You fly up into the air.
You hear some strange, mumbled words.
Something tries to affect you, but you resist.
Something hits you.
* * * LOW HITPOINT WARNING * * *
Okay, then.
Okay, then.
Something closely misses you. Something hits you.
* * * LOW HITPOINT WARNING * * *
Aiming: Wall Jump
Press: ? - help, Dir - move target Please select an adjacent position to wall jump against.
Okay, then.
Aiming: Wall Jump
Press: ? - help, Dir - move target You hear some strange, mumbled words.
Something tries to affect you, but you resist.
You hear some strange, mumbled words.
You are confused.
You hear some strange, mumbled words.
A puff of flame appears from out of thin air!
The puff of flame misses you.
You bump into the rock wall.
A magic dart appears from out of thin air!
The magic dart hits you.
You die...

#.#.#######.#'#.#
#.# #...).#######.
#.# #....>........
#.# #<....########
#.# ########....#
#.# .......'....#
####..
##.##########....#
.....
#................#
....###
################@#
....... #.#
)...... #{#
.......
#.#####.......
#o..†.'.......
#######.......
....... #.##### .#


You could see an orc.

Vanquished Creatures
  8 gnolls
  4 adders
  A dart slug (D:1)
  2 orcs
  5 ball pythons
  5 endoplasms
  4 giant cockroaches
  A goblin (D:2)
  9 hobgoblins
  9 jackals
  3 quokkas
  4 bats
  2 frilled lizards
  5 kobolds
  7 rats
69 creatures vanquished.

Notes
Turn   | Place    | Note
-------+----------+-------------------------------------------
     0 | D:1      | Think the Octopode Fighter began the quest for the Orb.
     0 | D:1      | Reached XP level 1. HP: 16/16 MP: 1/1
   189 | D:1      | Reached XP level 2. HP: 8/21 MP: 2/2
   614 | D:1      | You fall into a shaft and drop 1 floor!
   623 | D:2      | Reached XP level 3. HP: 25/26 MP: 3/3
   792 | D:1      | Found a faded altar of an unknown god.
   820 | D:1      | Became a worshipper of the Wu Jian Council
   820 | D:1      | Reached * piety under Wu Jian
  1397 | D:2      | Reached XP level 4. HP: 31/31 MP: 4/4
  1464 | D:2      | Reached ** piety under Wu Jian
  1996 | D:3      | Reached XP level 5. HP: 36/36 MP: 5/5
  2655 | D:3      | Found a burning altar of Makhleb.
  2659 | D:3      | Found an ornate altar of the Wu Jian Council.
  2896 | D:3      | Noticed a +0 dagger
  2896 | D:3      | Noticed a +0 hand axe
  2897 | D:3      | Found a hide-covered altar of Uskayaw.
  3184 | D:4      | Found a transporter.
  3207 | D:4      | Killed from afar by an orc wizard

Illustrated notes

Levels and vault maps discovered:
D:1:      erik_arrival_orb_chamber, layout_basic, ebering_ecumenical_altar_ruins
D:2:      layout_rooms, corexii_hall_statues_i, nrook_campfire
D:3:      layout_rooms, dancing_weapons_uskayaw, minitemple,
          serial_corexii_hall, chequers_hall_statues_wall_a,
          chequers_hall_statues_y, corexii_hall_statues_t,
          corexii_hall_statues_i, feat_on_display
D:4:      gammafunk_cloud_chamber, layout_basic, nicolae_overflow_crystal_walls,
          mainiacjoe_overflow_six_doors_small, gammafunk_ghost_arena

Skill      XL: |  1  2  3  4 |
---------------+-------------+-----
Short Blades   | 3 4 |  4.6
Shields        | 4 |  4.2
Fighting       | |  3.1
Dodging        | |  3.1

Action                   |  1- 3 |  4- 6 || total
-------------------------+-------+-------++-------
Melee: Rapier            |    68 |    68 ||   136
       Constrict         |    21 |    20 ||    41
       Tentacles         |    14 |    12 ||    26
Invok: Lunge             |     4 |     5 ||     9
       Whirlwind         |       |     4 ||     4
 Abil: Wall Jump         |       |     4 ||     4
  Use: Potion            |       |     1 ||     1
 Stab: Sleeping          |     8 |     1 ||     9
       Distracted        |       |     1 ||     1
Armor: Skin              |     8 |     4 ||    12
Dodge: Dodged            |    34 |    38 ||    72
Block: Kite shield       |    30 |    26 ||    56

Table legend: (Time is in decaauts)
 A = Elapsed time spent in this place.
 B = Non-inter-level travel time spent in this place.
 C = Inter-level travel time spent in this place.
 D = Time resting spent in this place.
 E = Time spent auto-exploring this place.
 F = Levels seen in this place.
 G = Mean time per level.
                   A        B        C        D        E       F      G
               +--------+--------+--------+--------+--------+-----+--------+
         Total |   3244 |   3176 |     68 |    562 |   2158 |   4 |  811.0 |
       Dungeon |   3244 |   3176 |     68 |    562 |   2158 |   4 |  811.0 |
               +--------+--------+--------+--------+--------+-----+--------+

Top non-repeatable levels by time:
     D:2: 1269 daAuts
     D:1: 1090 daAuts
     D:3: 747 daAuts
     D:4: 136 daAuts
